 Dungeon Crawl Stone Soup version 0.26-a0-613-g4f23886233 (webtiles) character file.

Game seed: 11838677588515122632

18 Peloso the Skirmisher (level 2, 24/24 HPs)
             Began as a Demonspawn Fighter on Sept 11, 2020.
             Got out of the dungeon alive.
             The game lasted 00:01:51 (669 turns).

Peloso the Skirmisher (Demonspawn Fighter)           Turns: 669, Time: 00:01:52

Health: 24/24      AC: 11    Str: 22    XL:     2   Next: 48%
Magic:  2/2        EV:  3    Int:  9    God:
Gold:   43         SH:  9    Dex: 12    Spells: 1/1 levels left

rFire    . . .     SeeInvis .   a - +0 long sword
rCold    . . .     Faith    .   c - +0 kite shield
rNeg     . . .     Spirit   .   m - +0 plate armour
rPois    +         Reflect  .   (no helmet)
rElec    .         Harm     .   (no cloak)
rCorr    .                      (no gloves)
MR       .....                  (no boots)
Stlth    ..........             (no amulet)
HPRegen  0.48/turn              h - +6 ring of strength
MPRegen  0.08/turn              (no ring)

@: flying
A: hooves 1, deterioration 1, poison resistance, powered by death 1,
regeneration 1
a: no special abilities


You escaped.
You visited 1 branch of the dungeon, and saw 1 of its levels.

You collected 43 gold pieces.

Inventory:

Hand Weapons
 a - a +0 long sword (weapon)
Armour
 b - a +0 scale mail
 c - a +0 kite shield (worn)
 m - a +0 plate armour (worn)
Jewellery
 h - a +6 ring of strength (left hand)
Scrolls
 f - a scroll of identify {unknown}
 g - a scroll of fear {unknown}
 j - a scroll of random uselessness {unknown}
 k - a scroll of remove curse {unknown}
 n - a scroll of amnesia {unknown}
Potions
 d - a potion of might
 e - 2 potions of curing
 o - 2 potions of lignification {unknown}


   Skills:
 + Level 3.1 Fighting
 + Level 2.1 Long Blades
 + Level 3.0 Armour
 + Level 2.9 Shields


You had one spell level left.
You didn't know any spells.
Your spell library was empty.

Dungeon Overview and Level Annotations

Branches:
Dungeon (1/15)

Altars:


Innate Abilities, Weirdness & Mutations

You regenerate a little health from kills.
You have large cloven feet.
Your body sometimes deteriorates upon taking damage.
Your system is resistant to poisons. (rPois)
Your natural rate of healing is unusually fast.


Message History

You continue putting on your plate armour. x5
You finish putting on your +0 plate armour.
It was a potion of curing.
You feel better.
It was a potion of flight.
You feel very buoyant.
You fly up into the air.
It was a potion of mutation.
You feel extremely strange.
You feel a little pissed off.
You feel stupid.
Molten scales grow over part of your body.
Okay, then.
Really quaff the potion of mutation?
You feel extremely strange.
You feel a little more calm.
You feel clever.
Your molten scales disappear.
You feel resistant to poisons.
You begin to heal more quickly.
You feel yourself wasting away.
Your feet thicken and deform.
There is an open door here.
There is an open door here.
There is a staircase leading out of the dungeon here.
Are you sure you want to leave the Dungeon?
This will make you lose the game!
You have escaped!

#..#.....P[.#..#
#..#..P.P.P.#..#
#..#.P...P..#..#
#..#....P.P.#..#
####........##'#
##..##########..##
#....#......'....#
#....'......#....#
##..##########@.##
#### ####


There were no monsters in sight!

Vanquished Creatures
  A bat (D:1)
  3 giant cockroaches (D:1)
  A goblin (D:1)
  3 hobgoblins (D:1)
  A kobold (D:1)
  2 ball pythons (D:1)
  A frilled lizard (D:1)
  4 rats (D:1)
16 creatures vanquished.

Notes
Turn   | Place    | Note
-------+----------+-------------------------------------------
     0 | D:1      | Peloso the Demonspawn Fighter began the quest for the Orb.
     0 | D:1      | Reached XP level 1. HP: 18/18 MP: 1/1
   189 | D:1      | Gained mutation: You regenerate a little health from kills.
                  | [demonic ancestry]
   189 | D:1      | Reached XP level 2. HP: 22/24 MP: 2/2
   655 | D:1      | Gained mutation: You tend to lose your temper in combat.
                  | [potion of mutation]
   655 | D:1      | Gained mutation: You are dopey. (Int -2) [potion of
                  | mutation]
   655 | D:1      | Gained mutation: You are partially covered in molten
                  | scales. (AC +2) [potion of mutation]
   656 | D:1      | Lost mutation: You tend to lose your temper in combat.
                  | [potion of mutation]
   656 | D:1      | Lost mutation: You are dopey. (Int -2) [potion of mutation]
   656 | D:1      | Lost mutation: You are partially covered in molten scales.
                  | (AC +2) [potion of mutation]
   656 | D:1      | Gained mutation: Your system is resistant to poisons.
                  | (rPois) [potion of mutation]
   656 | D:1      | Gained mutation: Your natural rate of healing is unusually
                  | fast. [potion of mutation]
   656 | D:1      | Gained mutation: Your body sometimes deteriorates upon
                  | taking damage. [potion of mutation]
   656 | D:1      | Gained mutation: You have large cloven feet. [potion of
                  | mutation]
   669 | D:$      | Got out of the dungeon alive.

Illustrated notes

Levels and vault maps discovered:
D:1:      sevenhm_arrival_forest_fort_large_4, layout_rooms, serial_forest,
          infiniplex_forest_straight_3, infiniplex_forest_straight_4,
          infiniplex_forest_zigzag_2, infiniplex_forest_clump_tiny,
          infiniplex_forest_lined_room_3, infiniplex_forest_straight_4,
          infiniplex_forest_lined_corner, kennysheep_nondescript

Skill      XL: |  1  2 |
---------------+-------+-----
Long Blades    | 2 |  2.1
Armour         | 3 |  3.0
Fighting       | |  3.1
Shields        | |  2.9

Action                   || total
-------------------------++-------
Melee: Long sword        ||    50
  Use: Potion            ||     4
Armor: Scale mail        ||    26
Dodge: Dodged            ||    12
Block: Kite shield       ||    28
       Rpst.: Long sword ||     3

Table legend: (Time is in decaauts)
 A = Elapsed time spent in this place.
 B = Non-inter-level travel time spent in this place.
 C = Inter-level travel time spent in this place.
 D = Time resting spent in this place.
 E = Time spent auto-exploring this place.
 F = Levels seen in this place.
 G = Mean time per level.
                   A        B        C        D        E       F      G
               +--------+--------+--------+--------+--------+-----+--------+
         Total |    688 |    688 |      0 |      0 |    497 |   1 |  688.0 |
       Dungeon |    688 |    688 |      0 |      0 |    497 |   1 |  688.0 |
               +--------+--------+--------+--------+--------+-----+--------+

Top non-repeatable levels by time:
     D:1: 688 daAuts
